 Dungeon Crawl Stone Soup version 0.27.1-4-g1640c2035a (webtiles) character file.

Game seed: 7435073337025326727

49 Stomo444 the Skirmisher (level 3, -2/33 HPs)
             Began as a Draconian Monk on Nov 10, 2021.
             Was a Believer of Ru.
             Slain by a water moccasin (6 damage)
             ... in a sewer.
             The game lasted 00:03:53 (1898 turns).

Stomo444 the Skirmisher (Draconian Monk)            Turns: 1898, Time: 00:03:54

Health: -2/33      AC:  5    Str: 12    XL:     3   Next: 51%
Magic:  0/3        EV: 13    Int: 10    God:    Ru [**....]
Gold:   66         SH:  0    Dex: 13    Spells: 2/2 levels left

rFire    + . .     SeeInvis .   a - +0 mace
rCold    . . .     Faith    .   (no shield)
rNeg     . . .     Spirit   +   (armour unavailable)
rPois    .         Reflect  .   (helmet restricted)
rElec    .         Harm     .   (no cloak)
rCorr    .         Rampage  .   (no gloves)
Will     .....     Clarity  +   (no boots)
Stlth    ++........             d - amulet of guardian spirit
HPRegen  0.11/turn              (no ring)
MPRegen  0.08/turn              (no ring)

@: lethally poisoned (-2 -> -7), hasted, very quick
A: AC +5, unfitting armour, cold-blooded, weak-willed 1, clarity, fire
resistance 1, weak 1
a: Renounce Religion


You were in a sewer.
You worshipped Ru.
Ru was pleased with you.
You visited 1 branch of the dungeon, and saw 3 of its levels.
You also visited: Sewer.

You collected 66 gold pieces.

Inventory:

Hand Weapons
 a - a +0 mace (weapon)
Jewellery
 d - an amulet of guardian spirit (around neck)


   Skills:
 + Level 4.0 Fighting
 + Level 3.5 Maces & Flails
 + Level 3.2 Dodging
 - Level 1.7 Stealth


You had 2 spell levels left.
You didn't know any spells.
Your spell library contained the following spells:

 Spells                   Type           Power      Damage    Failure   Level
 Magic Dart               Conj           0%         1d3       36%         1
 Searing Ray              Conj           0%         3d3       50%         2
 Slow                     Hex            0%         N/A       50%         2
 Confusing Touch          Hex            0%         N/A       75%         3
 Vampiric Draining        Necr           0%         2d6       75%         3
 Fulminant Prism          Conj/Hex       0%         3d6       98%         4
 Leda's Liquefaction      Hex/Erth       0%         N/A       98%         4
 Bolt of Magma            Conj/Fire/Erth 0%         4d4       100%        5
 Statue Form              Tmut/Erth      0%         N/A       100%        6


Dungeon Overview and Level Annotations

Branches:
Dungeon (4/15)             Temple (0/1) D:4           Sewer (1/1)

Altars:
Ru
The Shining One

Annotations:
D:4 Pikel


Innate Abilities, Weirdness & Mutations

Your plain brown scales are hard. (AC +5)
You cannot fit into any form of body armour.
You are cold-blooded and may be slowed by cold attacks.
You are slightly weak-willed. (Will-)
You possess an exceptional clarity of mind.
Your flesh is heat resistant. (rF+)
You are weak. (Str -2)


Message History

Found a scroll labelled MOAD NYZUAHYEZA.
The water moccasin hisses angrily.
Press: ? - help, v - describe, . - travel
Here: a water moccasin Some shallow water.
It was a potion of heal wounds.
You feel much better.
It was a potion of haste.
You feel yourself speed up.
It was a potion of mutation.
You feel extremely strange.
Your thoughts seem clearer.
You feel weaker.
You feel resistant to heat. The water moccasin barely misses you.
You sock the water moccasin!
The water moccasin is moderately wounded.
The water moccasin bites you.
You barely miss the water moccasin.
The water moccasin is moderately wounded.
The water moccasin closely misses you.
You barely miss the water moccasin.
The water moccasin is moderately wounded.
The water moccasin bites you!
You are poisoned.
The water moccasin poisons you!
You focus your inner power and illuminate the water moccasin in retribution!
You hit the water moccasin but do no damage.
The water moccasin is moderately wounded.
You feel very sick. The water moccasin bites you. The water moccasin bites you!
You hit the water moccasin.
The water moccasin is heavily wounded.
You feel sick. The water moccasin bites you.
* * * LOW HITPOINT WARNING * * *
You hit the water moccasin.
The water moccasin is heavily wounded.
* * * LOW HITPOINT WARNING * * *
You feel sick. The water moccasin barely misses you.
Unknown command.
You hit the water moccasin.
The water moccasin is heavily wounded.
* * * LOW HITPOINT WARNING * * *
You feel sick. The water moccasin bites you.
You die...

######## #
###.≈....### # #?
###..≈≈.≈.≈..### #
#).##..S..####.....###
# ###..≈.@###
###≈..≈.### #.≈..≈.##
##...≈.≈≈ ###....§###
###.≈...###
#[.##≈.§§≈####.....###
# #? ###§..≈≈..≈..###
# # ###§.§...### #
########


You could see a water moccasin (corona).

Vanquished Creatures
  An adder (D:2)
  4 ball pythons
  3 endoplasms
  3 giant cockroaches
  3 goblins (D:1)
  5 hobgoblins
  2 jackals (Sewer)
  5 kobolds
  A quokka (D:1)
  3 bats (D:1)
  3 frilled lizards
  2 rats
35 creatures vanquished.

Notes
Turn   | Place    | Note
-------+----------+-------------------------------------------
     0 | D:1      | Stomo444 the Draconian Monk began the quest for the Orb.
     0 | D:1      | Reached XP level 1. HP: 19/19 MP: 1/1
   254 | D:1      | Reached XP level 2. HP: 21/26 MP: 2/2
   874 | D:1      | Found a faded altar of an unknown god.
  1073 | D:1      | Became a worshipper of Ru the Awakened
  1075 | D:1      | Gained mutation: You are slightly weak-willed. (Will-) [Ru
                  | sacrifice]
  1075 | D:1      | Reached * piety under Ru
  1075 | D:1      | Reached ** piety under Ru
  1114 | D:2      | Reached XP level 3. HP: 17/33 MP: 3/3
  1469 | D:2      | You fall into a shaft and drop 2 floors!
  1469 | D:4      | Found a staircase to the Ecumenical Temple.
  1537 | D:4      | Noticed Pikel
  1537 | D:4      | Noticed a lemure
  1632 | D:4      | Found a glowing golden altar of the Shining One.
  1632 | D:4      | Noticed an ogre
  1654 | D:4      | Found a glowing drain.
  1664 | Sewer    | Entered a sewer
  1720 | Sewer    | Reached skill level 4 in Fighting
  1832 | Sewer    | Noticed a water moccasin
  1890 | Sewer    | Gained mutation: You possess an exceptional clarity of
                  | mind. [potion of mutation]
  1890 | Sewer    | Gained mutation: You are weak. (Str -2) [potion of
                  | mutation]
  1890 | Sewer    | Gained mutation: Your flesh is heat resistant. (rF+)
                  | [potion of mutation]
  1898 | Sewer    | Slain by a water moccasin

Illustrated notes

Levels and vault maps discovered:
D:1:      co_arrival_random_square_maze, layout_basic,
          dreamdust_ecumenical_altar_hidden_monk_grotto
D:2:      layout_loops_corners
D:4:      wander_river, layout_loops_corners, mainiacjoe_overflow_chevrons,
          grunt_dithmenos_smoke, minmay_temple_entry_overgrown,
          portal_sewer_entry_a, st_stairs_5, uniq_pikel, uniq_menkaure
Sewer:    sewer_the_moccasin

Skill      XL: |  1  2  3 |
---------------+----------+-----
Dodging        | 3 |  3.2
Fighting       | 4 |  4.0
Maces & Flails | |  3.5
Stealth        | |  1.7

Action                   || total
-------------------------++-------
Melee: Mace              ||   105
       Tailslap          ||     7
Invok: Sacrifice Essence ||     1
  Use: Scroll            ||     4
       Potion            ||     3
 Stab: Sleeping          ||     2
Armor: Skin              ||    53
Dodge: Dodged            ||    95
